Map: Prion Terraces

Players

llllllllll - Winner!

  • Race: Terran Terran
  • League: Platinum

McAwesome

  • Race: Protoss Protoss
  • League: Platinum

VOD

Have the link to the VOD?

Description

sfsfdfsdf

Time

  • Played on: Dec. 13, 2015, 9:32 p.m.
  • Length: 7:27
Show
View Real Time Build Order
Export as new Build Order

llllllllll Terran - Winner!

Build Orders:  

Get SALT Encoding   

  12  0:00  SCV  
  13  0:12  SCV  
  14  0:20  Supply Depot  
  14  0:24  SCV  
  15  0:42  SCV  
  16  0:43  Barracks  
  16  0:45  Refinery  
  16  0:54  SCV  
  17  1:06  SCV  
  18  1:17  Refinery  
  18  1:18  SCV  
  19  1:24  Barracks  
  19  1:30  SCV, Reaper  
  19  1:31  Supply Depot  
  21  1:42  SCV  
  22  1:56  Orbital Command  
  22  2:08  Barracks Reactor  
  22  2:11  Barracks Reactor  
  22  2:15  Factory  
  22  2:25  Supply Depot  
  22  2:28  SCV  
  23  2:40  SCV  
  24  2:46  Marine x2  
  26  2:51  Marine x2  
  26  2:57  SCV  
  29  2:59  Factory Tech Lab  
  29  3:00  Starport  
  29  3:04  Marine x2  
  31  3:09  Marine x2  
  31  3:11  Supply Depot  
  33  3:19  Siege Tank  
  36  3:32  Marine x2  
  38  3:36  Medivac  
  40  3:42  Supply Depot, Marine x2  
  41  4:09  Marine  
  41  4:10  Medivac, Marine x3  
  41  4:11  Siege Tank  
  50  4:21  Supply Depot x2  
  50  4:27  Marine x2  
  50  4:29  Marine x2  
  54  4:33  SCV  
  55  4:42  Medivac  
  55  4:43  Siege Tank  
  55  4:45  Marine  
  52  6:12  Marine x4  
  52  6:13  Siege Tank  
  57  6:30  Marine x3  
  57  6:31  Medivac, Marine  
  63  6:37  Supply Depot  
  63  6:38  Barracks  
  60  6:45  Siege Tank  
  63  6:48  Marine x4  
  64  7:05  Marine  
  64  7:06  Marine x3  
Show
View Real Time Build Order
Export as new Build Order

McAwesome Protoss 

Build Orders: Nexus First 

Get SALT Encoding   

  12  0:01  Probe (Chrono Boost)  
  13  0:12  Probe (Chrono Boost)  
  14  0:28  Pylon  
  14  0:30  Probe (Chrono Boost)  
  15  0:47  Probe (Chrono Boost)  
  16  0:57  Probe (Chrono Boost)  
  16  1:01  Nexus  
  17  1:08  Probe (Chrono Boost)  
  19  1:18  Probe (Chrono Boost)  
  19  1:20  Gateway  
  19  1:29  Probe (Chrono Boost)  
  19  1:32  Assimilator  
  20  1:36  Assimilator  
  20  1:39  Probe (Chrono Boost)  
  21  1:50  Probe (Chrono Boost)  
  21  1:54  Gateway  
  22  2:03  Pylon  
  22  2:04  Probe (Chrono Boost)  
  23  2:13  Zealot  
  23  2:14  Probe (Chrono Boost)  
  26  2:16  Probe (Chrono Boost)  
  27  2:26  Cybernetics Core, Probe (Chrono Boost)  
  27  2:27  Probe (Chrono Boost)  
  30  2:37  Probe x2 (Chrono Boost)  
  31  2:49  Probe (Chrono Boost)  
  31  2:50  Probe (Chrono Boost)  
  33  3:03  Mothership Core (Chrono Boost)  
  33  3:04  Adept x2 (Chrono Boost)  
  39  3:06  Warp Gate  
  40  3:12  Probe  
  40  3:24  Probe  
  40  3:25  Probe  
  42  3:36  Probe  
  43  3:42  Probe  
  43  3:44  Stalker (Chrono Boost)  
  43  3:47  Pylon  
  46  3:51  Pylon  
  46  4:06  Probe x2 (Chrono Boost)  
  50  4:15  Pylon  
  50  4:17  Pylon  
  50  4:18  Stalker, Probe x2 (Chrono Boost)  
  52  4:27  Pylon  
  52  4:28  Probe x2 (Chrono Boost), Pylon  
  52  4:29  Stalker  
  56  4:39  Probe x2 (Chrono Boost)  
  56  4:41  Gateway  
  56  4:44  Gateway  
  58  4:48  Stalker  
  58  4:49  Probe x2 (Chrono Boost)  
  58  4:50  Forge  
  58  4:52  Twilight Council  
  62  4:55  Robotics Facility  
  56  5:29  Stalker, Pylon, Assimilator  
  56  5:30  Stalker  
  56  5:33  Assimilator  
  48  5:56  Immortal (Chrono Boost)  
  37  5:59  Stalker x2  
  37  6:00  Stalker x2  
  38  6:23  Stalker x3  
  34  6:52  Zealot x3  
  36  7:07  Mothership Core (Chrono Boost)  
  36  7:08  Pylon  
  34  7:10  Pylon  
  34  7:12  Pylon  
  34  7:15  Pylon  
Tags
 
Add a new tag
Caveats
  • Supply blocks, unpowered buildings, or Contaminate may cause inaccurate times.
  • Supply counts are checked every 10 seconds.